 Dungeon Crawl Stone Soup version 0.27-a0-124-g19cb506db8 (webtiles) character file.

Game seed: 9259420346513993340

33 kae the Ruffian (level 3, -1/29 HPs)
             Began as a Draconian Transmuter on Jan 25, 2021.
             Slain by an orc
             ... wielding a +0 whip
              (5 damage)
             ... on level 2 of the Dungeon.
             The game lasted 00:00:47 (1099 turns).

kae the Ruffian (Draconian Transmuter)              Turns: 1099, Time: 00:00:47

Health: -1/29      AC:  6    Str: 13    XL:     3   Next: 12%
Magic:  4/6        EV: 12    Int: 17    God:
Gold:   90         SH:  0    Dex: 11    Spells: 2/6 levels left

rFire    . . .     SeeInvis .     - Unarmed
rCold    . . .     Faith    .   (no shield)
rNeg     . . .     Spirit   .   (armour unavailable)
rPois    .         Reflect  .   (helmet restricted)
rElec    .         Harm     .   g - +0 cloak
rCorr    .         Rampage  .   (no gloves)
Will     .....     Rnd*Tele +   (no boots)
Stlth    +.........             h - amulet of magic regeneration
HPRegen  0.09/turn              e - ring of teleportation (curse)
MPRegen  0.35/turn              (no ring)

@: lethally poisoned (-1 -> -3), very slightly contaminated
A: unfitting armour, clever 2, cold-blooded, AC +5
a: no special abilities


You were on level 2 of the Dungeon.
You visited 1 branch of the dungeon, and saw 2 of its levels.

You collected 90 gold pieces.

Inventory:

Armour
 g - a +0 cloak (worn)
Jewellery
 e - a cursed ring of teleportation (left hand)
 h - an amulet of magic regeneration (around neck)


   Skills:
 + Level 1.7 Fighting
 + Level 2.1 Dodging
 * Level 3.4 Unarmed Combat
 + Level 2.2 Spellcasting
 + Level 2.2 Transmutations


You had 2 spell levels left.
You knew the following spells:

 Your Spells              Type           Power        Failure   Level
a - Beastly Appendage     Tmut           18%          8%          1
b - Spider Form           Tmut/Pois      2%           34%         3

Your spell library contained the following spells:

 Spells                   Type           Power        Failure   Level
 Wereblood                Tmut           9%           11%         2
 Ice Form                 Ice/Tmut       5%           75%         4
 Blade Hands              Tmut           4%           90%         5


Dungeon Overview and Level Annotations

Branches:
Dungeon (2/15)

Altars:


Innate Abilities, Weirdness & Mutations

Your plain brown scales are hard. (AC +5)
You cannot fit into any form of body armour.
You are cold-blooded and may be slowed by cold attacks.
Your mind is very acute. (Int +4)


Message History

You feel much better. The orc misses you. Something barely misses you.
You hit something. The orc hits you with a +0 mace.
The orc hits you but does no damage. Something hits you.
You barely miss something.
You feel sick. The orc hits you but does no damage. The orc barely misses you.
You hear some strange, mumbled words.
A puff of flame appears from out of thin air!
The puff of flame hits you.
You hit something. The orc hits you with a +0 whip.
The orc hits you with a +0 mace.
You closely miss something.
You hear some strange, mumbled words.
Something tries to affect you, but you resist.
The orc hits you with a +0 whip.
You miss something. You tail-slap something. Something hits you.
* * * LOW HITPOINT WARNING * * *
The orc hits you with a +0 mace.
* * * LOW HITPOINT WARNING * * *
The orc hits you with a +0 whip.
You die...

.#.
#####....
#@o......
#o{......
#o....###
#.....#
#.....#
#.....#
......#
..#....
..#>.###


You could see 3 orcs.

Vanquished Creatures
  A dart slug (D:1)
  2 leopard geckos (D:1)
  A ball python (D:1)
  A bat (D:1)
  A giant cockroach (D:1)
  6 goblins (D:1)
  3 hobgoblins (D:1)
  A frilled lizard (D:1)
  4 kobolds (D:1)
  7 rats (D:1)
27 creatures vanquished.

Notes
Turn   | Place    | Note
-------+----------+-------------------------------------------
     0 | D:1      | kae the Draconian Transmuter began the quest for the Orb.
     0 | D:1      | Reached XP level 1. HP: 16/16 MP: 3/3
   184 | D:1      | Reached XP level 2. HP: 23/23 MP: 3/5
   855 | D:1      | Reached XP level 3. HP: 27/29 MP: 4/6
   860 | D:1      | Learned a level 3 spell: Spider Form
  1089 | D:2      | Gained mutation: Your mind is acute. (Int +2) [potion of
                  | mutation]
  1089 | D:2      | Gained mutation: Your mind is very acute. (Int +4) [potion
                  | of mutation]
  1099 | D:2      | Slain by an orc

Illustrated notes

Levels and vault maps discovered:
D:1:      wander_arrival_fairy_ring, layout_basic
D:2:      layout_loops_ring, marbit_many_paths, uniq_jessica

Skill      XL: |  1  2 |
---------------+-------+-----
Dodging        | 2 |  2.1
Fighting       | |  1.7
Unarmed Combat | |  3.4
Spellcasting   | |  2.2
Transmutations | |  2.2

Action                   || total
-------------------------++-------
Melee: Unarmed           ||    64
       Kick              ||    11
       Tailslap          ||     5
       Headbutt          ||     3
 Cast: Beastly Appendage ||    14
  Use: Scroll            ||     3
       Potion            ||     2
Armor: Skin              ||    27
Dodge: Dodged            ||    45

Table legend: (Time is in decaauts)
 A = Elapsed time spent in this place.
 B = Non-inter-level travel time spent in this place.
 C = Inter-level travel time spent in this place.
 D = Time resting spent in this place.
 E = Time spent auto-exploring this place.
 F = Levels seen in this place.
 G = Mean time per level.
                   A        B        C        D        E       F      G
               +--------+--------+--------+--------+--------+-----+--------+
         Total |   1094 |   1064 |     30 |      0 |    876 |   2 |  547.0 |
       Dungeon |   1094 |   1064 |     30 |      0 |    876 |   2 |  547.0 |
               +--------+--------+--------+--------+--------+-----+--------+

Top non-repeatable levels by time:
     D:1: 1070 daAuts
     D:2: 23 daAuts
